 Dungeon Crawl Stone Soup version 0.24.0-13-gcf9b319 (webtiles) character file.

Game seed: 14573777528345943735, levelgen mode: deterministic

17 Bronimir the Stinger (level 2, -3/20 HPs)
             Began as a Formicid Venom Mage on Apr 18, 2020.
             Slain by a kobold
             ... wielding a +0 whip of electrocution
              (5 damage)
             ... on level 1 of the Dungeon.
             The game lasted 00:01:10 (959 turns).

Bronimir the Stinger (Formicid Venom Mage)           Turns: 959, Time: 00:01:11

Health: -3/20      AC:  2    Str: 12    XL:     2   Next: 80%
Magic:  0/5        EV: 12    Int: 14    God:
Gold:   34         SH:  0    Dex: 11    Spells: 4/5 levels left

rFire    . . .     SeeInvis +   a - +0 hand axe
rCold    . . .     Gourm    .   (no shield)
rNeg     . . .     Faith    .   e - +0 robe
rPois    .         Spirit   .   (helmet unavailable)
rElec    .         Reflect  .   (no cloak)
rCorr    .         Harm     .   (no gloves)
MR       .....                  (no boots)
Stlth    ++........             (no amulet)
HPRegen  0.06/turn              (no ring)
MPRegen  0.09/turn              (no ring)

@: no status effects
A: permanent stasis, dig shafts and tunnels, four strong arms, antennae 3
a: Dig, Shaft Self


You were on level 1 of the Dungeon.
You were not hungry.

You visited 1 branch of the dungeon, and saw 1 of its levels.

You collected 34 gold pieces.

Inventory:

Hand Weapons
 a - a +0 hand axe (weapon)
 g - a +0 dagger
 j - a +0 whip
Missiles
 h - 4 stones (quivered)
Armour
 e - a +0 robe (worn)
Jewellery
 d - an uncursed amulet of faith {unknown}
Scrolls
 b - a scroll of fear {unknown}
 i - a scroll of random uselessness {unknown}
 k - a scroll of remove curse {unknown}
Potions
 f - a potion of cancellation {unknown}
 l - 2 potions of curing {unknown}
Comestibles
 c - a ration


   Skills:
 * Level 0.8 Fighting
 * Level 0.1 Armour
 + Level 1.8 Dodging
 - Level 2.4 Stealth
 * Level 2.2 Spellcasting
 * Level 0.9 Conjurations
 * Level 4.7 Poison Magic


You had 4 spell levels left.
You knew the following spells:

 Your Spells              Type           Power        Failure   Level  Hunger
a - Sting                 Conj/Pois      #...         7%          1    #......

Your spell library contained the following spells:

 Spells                   Type           Power        Failure   Level  Hunger
 Poisonous Vapours        Pois/Air       #.....       13%         2    ###....
 Mephitic Cloud           Conj/Pois/Air  #.......     32%         3    ###....
 Olgreb's Toxic Radiance  Pois           ##......     32%         4    #####..
 Venom Bolt               Conj/Pois      #.........   89%         5    ######.


Dungeon Overview and Level Annotations

Branches:
Dungeon (1/15)

Altars:
Ashenzari


Innate Abilities, Weirdness & Mutations

You cannot be hasted, slowed, berserked, paralysed or teleported.
You can dig through walls and to a lower floor.
Your four strong arms can wield two-handed weapons with a shield.
You have a pair of large antennae on your head. (SInv)


Message History

You hit the kobold.
The kobold is moderately wounded.
The kobold barely misses you.
You hit the kobold.
The kobold is severely wounded.
The kobold hits you with a +0 whip of electrocution.
You hit the kobold but do no damage.
The kobold is severely wounded.
The kobold hits you with a +0 whip of electrocution.
* * * LOW HITPOINT WARNING * * *
The kobold closely misses you.
Casting: Sting (safe; 7% risk of failure)
Confirm with . or Enter, or press ? or * to list all spells.
Aiming: Sting (safe; 7% risk of failure)
Press: ? - help, Shift-Dir - straight line, f - kobold
Aim: a kobold, wielding a +0 whip of electrocution and wearing a +0 scale mail (severely wounded)
The sting hits the kobold but does no damage.
The kobold is severely wounded.
The kobold hits you with a +0 whip of electrocution.
You die...

.....# #+###+#
####.###.....######
##.##..........#.#
##...####.......#
##.........#######.
#######)..........
#....#####..
#....#### #...@K..#
##.#.##)# #.#.# ...
##### ..#.. ....#
....##### ##.###
..### ###.....# ..#
#.....# ..#
#.....## ..#
#...†..# {


You could see a kobold.

Vanquished Creatures
  A dart slug (D:1)
  2 leopard geckos (D:1)
  A bat (D:1)
  2 giant cockroaches (D:1)
  2 goblins (D:1)
  A hobgoblin (D:1)
  A kobold (D:1)
  2 rats (D:1)
12 creatures vanquished.

Notes
Turn   | Place    | Note
-------+----------+-------------------------------------------
     0 | D:1      | Bronimir the Formicid Venom Mage began the quest for the
                  | Orb.
     0 | D:1      | Reached XP level 1. HP: 13/13 MP: 3/3
   204 | D:1      | Reached XP level 2. HP: 19/19 MP: 1/5
   815 | D:1      | Found a shattered altar of Ashenzari.
   959 | D:1      | Slain by a kobold

Levels and vault maps discovered:
D:1:      dpeg_arrival_simpleton_b, layout_loops_ring,
          nicolae_ashenzari_panopticon

Action                   || total
-------------------------++-------
Melee: Unarmed           ||     3
       Hand axe          ||    21
       Whip              ||     4
       Dagger            ||     1
 Cast: Sting             ||    15
Armor: Robe              ||     4
Dodge: Dodged            ||    23
